 Dungeon Crawl Stone Soup version 0.22-a0-135-g6f012ad (webtiles) character file.

175 KarmaPolice the Sneak (level 5, -1/28 HPs)
             Began as a Vine Stalker Assassin on Feb 2, 2018.
             Slain by Grinder (4 damage)
             ... on level 2 of the Dungeon.
             The game lasted 00:05:09 (1955 turns).

KarmaPolice the Sneak (Vine Stalker Assassin)       Turns: 1955, Time: 00:05:10

Health: -1/28      AC:  3    Str: 13    XL:     5   Next: 55%
Magic:  0/6        EV: 11    Int: 11    God:
Gold:   116        SH:  0    Dex: 17    Spells: 4/4 levels left

rFire    . . .     SeeInvis .   s - +2 dagger (drain)
rCold    . . .     Gourm    .   (no shield)
rNeg     . . .     Faith    .   c - +0 robe
rPois    .         Spirit   +   (no helmet)
rElec    .         Reflect  .   x - +0 cloak {MR+}
rCorr    .         Harm     .   (no gloves)
MR       +....                  (no boots)
Stlth    +++.......             p - amulet of guardian spirit
HPRegen  0.49/turn              (no ring)
MPRegen  0.10/turn              (no ring)

@: no status effects
A: fangs 2, regeneration 1, magic shield, antimagic bite, no potion heal 3, rot
immunity
a: no special abilities


You were on level 2 of the Dungeon.
You were hungry.

You visited 1 branch of the dungeon, and saw 3 of its levels.

You collected 116 gold pieces.

Inventory:

Hand Weapons
 b - a +0 blowgun
 s - a +2 dagger of draining (weapon)
Missiles
 e - 42 poisoned needles
Armour
 c - a +0 robe (worn)
 d - a +0 cloak
 x - a +0 cloak of magic resistance (worn)
Jewellery
 p - an amulet of guardian spirit (around neck)
 u - a cursed ring of teleportation {unknown}
Scrolls
 a - a scroll of immolation {unknown}
 h - 2 scrolls of teleportation {unknown}
 i - a scroll of magic mapping {unknown}
 k - a scroll of fog {unknown}
 l - 2 scrolls of identify {unknown}
 w - a scroll of remove curse {unknown}
Potions
 j - a potion of brilliance {unknown}
 n - 2 potions of cancellation {unknown}
 o - 2 potions of might
 q - a potion of invisibility {unknown}
 r - a potion of lignification {unknown}
 t - a potion of magic {unknown}
 v - a potion of flight {unknown}
Comestibles
 g - a ration
 m - 4 chunks of flesh


   Skills:
 + Level 3.2 Fighting
 + Level 3.1 Short Blades
 + Level 3.2 Throwing
 - Level 0.7 Dodging
 - Level 4.8 Stealth


You had 4 spell levels left.
You didn't know any spells.

Dungeon Overview and Level Annotations

Branches:
Dungeon (3/15)

Altars:
The Shining One

Annotations:
D:2 Grinder


Innate Abilities, Weirdness & Mutations

You have extremely sharp teeth.
Your natural rate of healing is unusually fast.
When hurt, damage is shared between your health and your magic reserves.
Your bite disrupts and absorbs the magic of your enemies.
Potions cannot restore your health.
You are immune to rotting.


Message History

Grinder is lightly wounded.
Wield which item (- for none, * to show all)? (? for menu, Esc to quit)
You sense an unholy aura.
s - a +2 dagger of draining (weapon)
Grinder hits you.
You writhe in agony.
You hit Grinder.
Grinder is moderately wounded.
You hit Grinder. You bite Grinder, but do no damage.
Grinder is heavily wounded.
Grinder barely misses you.
You hit Grinder but do no damage. Your bite misses Grinder.
Grinder is heavily wounded.
Grinder hits you.
You writhe in agony.
You are feeling hungry.
You hit Grinder.
Grinder is heavily wounded.
Grinder hits you!
* * * LOW HITPOINT WARNING * * *
You writhe in agony.
You die...

#.#########.....# #.# #.........#
#.# #.###.....# ########.# ##.#
##....# # .........# #..#
##.#.##########
#######..####.#### #.#.......>.##
# #.<......>..(# #.#...........
#####.#.#.###.##5###.#.#######.##
.......###(...(.@....#.######...#
..#####.#....................)..#
#.# #...####.##.###(########...#
#.# #.#......##.# #.# ##.## #.#
#...####.##.###.# #.# #.######.#
#.#...##5# ######.## #........#
#......#.####........ #..#######
#...........#.####.## #..#
#......#.##5#.####.#


You could see Grinder.

Vanquished Creatures
  Crazy Yiuf (D:2)
  Terence (D:2)
  2 adders (D:2)
  5 oozes (D:1)
  A worm (D:1)
  2 dart slugs
  3 leopard geckos
  6 giant cockroaches
  5 goblins
  6 hobgoblins
  10 jackals (D:1)
  8 kobolds
  A quokka (D:2)
  A ball python (D:2)
  8 bats
  A frilled lizard (D:1)
  7 rats
68 creatures vanquished.

Notes
Turn   | Place    | Note
-------+----------+-------------------------------------------
     0 | D:1      | KarmaPolice the Vine Stalker Assassin began the quest for the Orb.
     0 | D:1      | Reached XP level 1. HP: 11/11 MP: 2/2
     1 | D:1      | Found a runed door.
    48 | D:1      | Reached XP level 2. HP: 6/15 MP: 1/3
   248 | D:1      | Reached XP level 3. HP: 7/18 MP: 1/4
  1028 | D:1      | Gained mutation: Your natural rate of healing is unusually fast. [Vine Stalker growth]
  1028 | D:1      | Reached XP level 4. HP: 17/23 MP: 5/5
  1140 | D:2      | Noticed Terence
  1153 | D:2      | Killed Terence
  1238 | D:2      | Found a runed door.
  1301 | D:2      | Reached XP level 5. HP: 28/28 MP: 6/6
  1741 | D:2      | Found a glowing golden altar of the Shining One.
  1819 | D:2      | Noticed Crazy Yiuf
  1828 | D:2      | Killed Crazy Yiuf
  1857 | D:3      | Noticed a phantom
  1910 | D:3      | Noticed Grinder
  1942 | D:2      | Paralysed by Grinder for 5 turns
  1955 | D:2      | Slain by Grinder

Vault maps used:
D:1:      dpeg_arrival_caged_fury
D:2:      tso_altar, uniq_terence, uniq_crazy_yiuf_cottage
D:3:      chequers_temple_overflow_statue_of_worship, first_ration, uniq_grinder

Skill      XL: |  1  2  3  4  5 |
---------------+----------------+-----
Fighting       | 2 3 |  3.2
Short Blades   | 2 3 |  3.1
Throwing       | 2 3 |  3.2
Dodging        | |  0.7
Stealth        | |  4.8

Action                   |  1- 3 |  4- 6 || total
-------------------------+-------+-------++-------
Melee: Dagger            |   118 |    78 ||   196
       Bite              |    28 |    26 ||    54
 Fire: Blowgun           |       |     5 ||     5
 Stab: Sleeping          |     9 |    12 ||    21
  Eat: Chunk             |       |     3 ||     3
Armor: Robe              |    25 |    16 ||    41
Dodge: Dodged            |    69 |    32 ||   101

Table legend:
 A = Spawn XP
 B = Non-spawn XP
 C = Spawn XP percentage of total XP
 D = Spawn monster count
 E = Non-spawn monster count
 F = Spawn count percentage of total count
 G = Total turns spent on level
                    A         B        C        D         E        F      G
               +---------+---------+-------+---------+---------+-------+---------
         Total |       0 |     251 |   0.0 |       0 |      68 |   0.0 |  1955
               +---------+---------+-------+---------+---------+-------+---------
           D:1 |       0 |     111 |   0.0 |       0 |      45 |   0.0 |  1106
           D:2 |       0 |     136 |   0.0 |       0 |      21 |   0.0 |   828
           D:3 |       0 |       4 |   0.0 |       0 |       2 |   0.0 |    21
               +---------+---------+-------+---------+---------+-------+---------
